 Dungeon Crawl Stone Soup version 0.14.1-3-gd16b60d (webtiles) character file.

2301 Indrah22 the Sneak (level 9, 0/43 HPs)
             Began as a Spriggan Ice Elementalist on May 17, 2014.
             Was a Believer of Dithmenos.
             Slain by an orc warrior
             ... wielding a +0,+0 glaive
              (15 damage)
             ... in a bailey.
             The game lasted 01:05:46 (8729 turns).

Indrah22 the Sneak (Spriggan Ice Elementalist)      Turns: 8729, Time: 01:05:46

HP   0/43        AC  9     Str  6      XL: 9   Next:  4%
MP   1/24        EV 21     Int 17      God: Dithmenos [**....]
Gold 258         SH  0     Dex 17      Spells:  3 memorised, 10 levels left

rFire  . . .     SeeInvis +     d - +6,+2 dagger (venom)
rCold  + . .     Clarity  .     p - +0 robe
rNeg   + . .     Conserve .     (shield restricted)
rPois  .         rCorr    .     (helmet restricted)
rElec  .         rRot     .     j - +0 cloak
SustAb . .       Spirit   .     (gloves unavailable)
rMut   .         Warding  .     (boots unavailable)
Saprov . . .     Stasis   .     (no amulet)
MR     +....                    x - ring of positive energy
                                u - ring of protection from cold

@: icy armour, very slightly contaminated, hasted, wreathed by umbra, very
quick, somewhat resistant to hostile enchantments, extremely stealthy
A: unfitting armour, rugged brown scales 1, see invisible, herbivore 3, speed 3,
slow metabolism 2
a: Shadow Step, Renounce Religion


You were in a bailey.
You worshipped Dithmenos.
Dithmenos was pleased with you.
You were not hungry.

You visited 2 branches of the dungeon, and saw 8 of its levels.
You also visited: Sewer and Bailey.

You collected 258 gold pieces.

Inventory:

Hand weapons
 d - a +6,+2 dagger of venom (weapon)
 e - a +0 blowgun
 i - a +1,+1 falchion of protection
 q - a +4,+4 sling
 s - a +2,+1 dagger of protection
 w - a +0,+1 short sword of freezing
Missiles
 l - 2 sling bullets
 n - 36 darts
 t - 3 tomahawks (quivered)
 B - 20 darts of frost
 E - 5 darts of dispersal
 I - 21 poisoned needles
 J - 13 steel sling bullets
Armour
 j - a +0 cloak (worn)
 p - a +0 robe (worn)
Magical devices
 L - a wand of frost (9)
Scrolls
 f - 4 scrolls of remove curse
 g - a scroll of fear {unknown}
 m - a scroll of summoning {unknown}
 o - a scroll of magic mapping {unknown}
 r - 3 scrolls of teleportation
 y - a scroll of recharging
 A - a scroll of fog {unknown}
 D - a scroll of blinking {unknown}
Jewellery
 u - a ring of protection from cold (left hand)
 x - a ring of positive energy (right hand)
 C - an uncursed amulet of faith {unknown}
 H - an uncursed amulet of resist corrosion {unknown}
Potions
 a - a potion of haste
 c - a potion of porridge
 h - 7 potions of curing
 k - 2 potions of degeneration {unknown}
 v - 2 potions of agility {unknown}
 z - a potion of restore abilities {unknown}
 G - a potion of paralysis {unknown}
 K - a potion of heal wounds {unknown}
 M - 3 potions of might {unknown}
Books
 b - a book of Frost

   Spells                             Type                      Level
   *Freeze                            Ice                          1
   *Throw Frost                       Conjuration/Ice              2
   *Ozocubu's Armour                  Charms/Ice                   3
   Throw Icicle                       Conjuration/Ice              4
   Summon Ice Beast                   Ice/Summoning                4
   Condensation Shield                Ice                          4
Rods
 F - a +1 rod of inaccuracy (15/15)
   (You found it on level 7 of the Dungeon)


   Skills:
 - Level 1.6 Fighting
 + Level 6.0 Short Blades
 - Level 4.4 Slings
 - Level 3.7 Throwing
 - Level 5.4 Dodging
 - Level 7.0 Stealth
 - Level 4.2 Spellcasting
 - Level 1.0 Conjurations
 - Level 3.5 Charms
 - Level 4.6 Ice Magic
 - Level 5.1 Evocations


You had 10 spell levels left.
You knew the following spells:

 Your Spells              Type           Power        Failure   Level  Hunger
a - Freeze                Ice            ###.         2%          1    None
c - Ozocubu's Armour      Chrm/Ice       ###.......   10%         3    ###....
x - Throw Frost           Conj/Ice       ##....       10%         2    ##.....


Dungeon Overview and Level Annotations

Branches:
Dungeon (7/15)             Temple (1/1) D:4

Altars:
Ashenzari
Cheibriados
Dithmenos
Elyvilon
Kikubaaqudgha
Makhleb
Nemelex Xobeh
Okawaru
Trog
Vehumet
Xom
Yredelemnul
Zin
The Shining One

Annotations:
D:3 Seskara's ghost, average GrFi
D:5 Grinder


Innate Abilities, Weirdness & Mutations

You are tiny and cannot use many weapons and most armour.
You have supernaturally acute eyesight.
You are a herbivore.
You cover ground extremely quickly.
You need consume almost no food.
You are partially covered in rugged brown scales (AC +1, +3% HP).


Message History

The puff of frost hits the orc.
The orc is moderately wounded.
Casting: Throw Frost
Confirm with . or Enter, or press ? or * to list all spells.
Aiming: Throw Frost
Press: ? - help, Shift-Dir - straight line, f/p - orc
Aim: an orc, wielding a spear and wearing a ring mail (moderately wounded, umbra)
The puff of frost hits the orc.
You kill the orc!
Dithmenos accepts your kill.
Casting: Throw Frost
Confirm with . or Enter, or press ? or * to list all spells.
You don't have enough magic to cast that spell.
Unknown command.
You hit the orc warrior but do no damage.
The orc warrior is heavily wounded.
You barely miss the orc warrior.
The orc warrior is severely wounded.
The orc warrior hits you with a glaive!
You die...

###########
........∩.##
...)..).))..#
.........)..#
o......)...∩#
#.o..(...o...#
#.........@..#
##........∩.##
############


You could see an orc warrior and an orc (wandering).

Vanquished Creatures
  3 orc warriors
  A sky beast (D:6)
  An ice beast (D:6)
  A centaur (D:6)
  A phantom (D:4)
  2 ogres (D:4)
  Duvessa (D:7)
  2 giant frogs
  A big kobold (D:7)
  A troll zombie (D:7)
  A crimson imp (D:7)
  Dowan (D:7)
  Crazy Yiuf (D:4)
  5 orc priests
  2 giant frog skeletons
  3 worker ants
  6 orc wizards
  Jessica (D:2)
  Terence (D:2)
  4 gnolls (D:5)
  8 adders
  A green rat (D:5)
  An orc skeleton (D:5)
  5 giant mites
  A worm zombie (D:6)
  3 shadow imps
  3 worms
  3 giant geckos
  An ooze (Sewer)
  27 orcs
  A bat skeleton (D:5)
  5 giant cockroaches
  10 goblins
  9 hobgoblins
  7 jackals
  4 ball pythons
  11 bats
  A giant cockroach zombie (Sewer)
  4 giant newts
  A goblin skeleton (D:4)
  34 kobolds
  A kobold skeleton (D:6)
  7 kobold zombies (Sewer)
  4 quokkas
  18 rats
  A fungus (D:4)
210 creatures vanquished.

Notes
Turn   | Place    | Note
--------------------------------------------------------------
     0 | D:1      | Indrah22, the Spriggan Ice Elementalist, began the quest for the Orb.
     0 | D:1      | Reached XP level 1. HP: 9/9 MP: 4/4
   196 | D:1      | Reached skill level 1 in Short Blades
   364 | D:1      | Reached XP level 2. HP: 13/13 MP: 8/8
   368 | D:1      | Learned a level 2 spell: Throw Frost
   647 | D:1      | Reached skill level 1 in Slings
   780 | D:2      | Noticed Jessica
   792 | D:2      | Killed Jessica
   792 | D:2      | Reached XP level 3. HP: 16/16 MP: 10/10
  1191 | D:2      | Gained mutation: You are partially covered in rugged brown scales (AC +1, +3% HP). [potion of beneficial mutation]
  1243 | D:2      | Noticed Terence
  1268 | D:2      | Killed Terence
  1268 | D:2      | Reached XP level 4. HP: 14/21 MP: 7/13
  1700 | D:3      | Reached skill level 1 in Conjurations
  1708 | D:3      | Learned a level 3 spell: Ozocubu's Armour
  1892 | D:3      | Reached skill level 4 in Slings
  1892 | D:3      | Reached XP level 5. HP: 24/24 MP: 16/16
  1995 | D:3      | Noticed Seskara's ghost (average GrFi)
  3231 | D:4      | Found a staircase to the Ecumenical Temple.
  3249 | Temple   | Entered the Ecumenical Temple
  3326 | Temple   | Became a worshipper of Dithmenos the Shadowed
  3606 | D:4      | Reached XP level 6. HP: 24/28 MP: 14/18
  3858 | D:4      | Noticed an ogre
  3863 | D:4      | Killed an ogre
  3863 | D:4      | Reached skill level 5 in Dodging
  4246 | D:4      | Reached XP level 7. HP: 32/32 MP: 21/21
  4429 | D:4      | Noticed Crazy Yiuf
  4439 | D:4      | Killed Crazy Yiuf
  4550 | D:5      | Entered Level 5 of the Dungeon
  4653 | D:5      | Noticed Grinder
  5288 | D:5      | Found a glowing drain.
  5316 | Sewer    | Entered a sewer
  6111 | Sewer    | Acquired Dithmenos' first power
  6112 | Sewer    | Found a burning altar of Makhleb.
  6434 | D:5      | Reached skill level 5 in Stealth
  6582 | D:5      | Reached skill level 6 in Stealth
  6635 | D:5      | Paralysed by Grinder for 3 turns
  6710 | D:6      | Reached skill level 1 in Throwing
  6721 | D:6      | Reached XP level 8. HP: 27/37 MP: 5/23
  6922 | D:6      | Reached skill level 7 in Stealth
  7927 | D:7      | Reached skill level 1 in Fighting
  7986 | D:7      | Identified a +1 rod of inaccuracy (15/15) (You found it on level 7 of the Dungeon)
  8082 | D:7      | Noticed Duvessa
  8153 | D:7      | Noticed Dowan
  8160 | D:7      | Killed Duvessa
  8195 | D:7      | Killed Dowan
  8315 | D:7      | Reached skill level 5 in Evocations
  8620 | D:7      | Reached skill level 5 in Short Blades
  8641 | D:7      | Found a flagged portal.
  8656 | Bailey   | Entered a bailey
  8701 | Bailey   | Reached XP level 9. HP: 39/43 MP: 2/24
  8729 | Bailey   | Slain by an orc warrior

Action                   |  1- 3 |  4- 6 |  7- 9 || total
-------------------------+-------+-------+-------++-------
Melee: Dagger            |    11 |    73 |   288 ||   372
       Short sword       |       |       |    32 ||    32
 Fire: Sling             |    50 |    94 |    39 ||   183
Throw: Dart              |     2 |    34 |     9 ||    45
       Tomahawk          |       |       |     6 ||     6
 Cast: Freeze            |    27 |    37 |   135 ||   199
       Throw Frost       |       |     5 |    52 ||    57
       Ozocubu's Armour  |       |     1 |    11 ||    12
Invok: Shadow Step       |       |       |     4 ||     4
Evoke: Rod               |       |       |     6 ||     6
  Use: Scroll            |    11 |     2 |     3 ||    16
       Potion            |     1 |     2 |     3 ||     6
 Stab: Sleeping          |     5 |     4 |    18 ||    27
       Distracted        |       |       |     1 ||     1
